Map: Automaton LE

Players

Yocto - Winner!

  • Race: Zerg Zerg
  • Spawn Location: 3:00

Ruslan

  • Race: Protoss Protoss
  • League: Gold
  • Spawn Location: 9:00

VOD

Have the link to the VOD?

Description

Time

  • Played on: Dec. 16, 2018, 10:46 a.m.
  • Length: 9:32
Show
View Real Time Build Order
Export as new Build Order

Yocto Zerg - Winner!

Build Orders: Hatch First 

Get SALT Encoding   

  12  0:01  Drone  
  13  0:18  Overlord  
  13  0:19  Drone  
  14  0:38  Drone x2  
  14  0:42  Drone  
  17  0:59  Hatchery  
  17  1:01  Drone  
  17  1:03  Extractor  
  16  1:07  Drone  
  17  1:30  Drone  
  17  1:31  Spawning Pool  
  17  1:35  Drone x2  
  19  1:46  Overlord  
  19  1:58  Drone  
  20  2:15  Drone x2  
  22  2:19  Zergling x2  
  23  2:28  Queen  
  23  2:29  Queen  
  27  2:30  Metabolic Boost  
  27  2:36  Drone x2  
  27  2:37  Drone  
  30  2:48  Drone x2  
  32  2:53  Drone  
  33  3:10  Roach Warren  
  33  3:11  Extractor  
  33  3:12  Drone x3  
  34  3:14  Queen  
  36  3:31  Overlord x2  
  36  3:32  Overlord  
  36  3:43  Overlord  
  36  3:56  Roach x7  
  50  4:05  Lair  
  50  4:15  Overlord  
  50  4:17  Roach  
  50  4:18  Roach  
  50  4:21  Overlord  
  54  4:33  Spore Crawler  
  54  4:34  Spore Crawler  
  52  4:51  Roach x6  
  64  4:53  Ravager x2  
  66  5:07  Zergling x4  
  66  5:08  Zergling x8  
  71  5:21  Overlord x2  
  71  5:31  Overseer  
  63  5:47  Roach x6  
  63  5:48  Roach  
  72  5:56  Spore Crawler  
  71  6:02  Drone x3  
  74  6:09  Spine Crawler  
  73  6:15  Roach  
  75  6:21  Queen  
  77  6:37  Ravager  
  77  6:38  Ravager x3  
  81  6:41  Zergling x8  
  81  6:42  Zergling x4  
  87  6:55  Spine Crawler  
  87  6:58  Zergling x6  
  86  7:13  Roach x3  
  47  7:45  Overseer x2  
  47  7:48  Roach  
  47  7:49  Roach x5  
  58  8:00  Roach  
  58  8:01  Roach  
  62  8:16  Drone x2  
  62  8:17  Drone x3  
  67  8:28  Roach x5  
  78  8:34  Drone  
  78  8:41  Ravager  
  78  8:42  Ravager  
  78  8:44  Ravager  
  78  8:46  Overlord x3  
  78  8:48  Drone  
  82  8:53  Overlord  
  82  9:02  Drone  
  83  9:04  Overlord  
Show
View Real Time Build Order
Export as new Build Order

Ruslan Protoss 

Build Orders: Zealot Archon, Dark Templar Rush 

Get SALT Encoding   

  12  0:01  Probe  
  13  0:13  Probe  
  14  0:20  Pylon  
  14  0:25  Probe  
  15  0:36  Probe  
  15  0:40  Gateway  
  16  0:51  Probe  
  16  0:52  Assimilator  
  17  1:02  Probe  
  18  1:10  Probe  
  19  1:18  Probe  
  20  1:29  Assimilator  
  20  1:30  Probe  
  21  1:32  Cybernetics Core  
  21  1:36  Pylon  
  21  1:43  Gateway  
  21  1:52  Probe  
  22  2:00  Warp Gate  
  22  2:04  Probe  
  22  2:05  Forge  
  23  2:20  Stalker  
  25  2:32  Shield Battery  
  25  2:40  Twilight Council  
  25  2:54  Protoss Ground Weapons Level 1  
  25  3:07  Pylon  
  25  3:18  Stalker  
  27  3:25  Pylon  
  27  3:33  Dark Shrine  
  27  4:03  Gateway  
  27  4:07  Gateway  
  27  4:33  Nexus  
  27  4:40  Pylon  
  27  4:47  Assimilator  
  27  4:51  Dark Templar x2  
  27  4:52  Assimilator  
  31  4:58  Dark Templar  
  33  5:02  Dark Templar  
  35  5:14  Shield Battery  
  35  5:17  Photon Cannon  
  35  5:26  Probe  
  36  5:39  Probe  
  29  5:51  Probe  
  29  5:54  Dark Templar x2  
  34  5:58  Charge  
  34  6:03  Probe, Shield Battery  
  35  6:06  Archon  
  35  6:15  Probe  
  36  6:23  Zealot  
  36  6:25  Zealot  
  40  6:27  Zealot x2  
  44  6:35  Pylon  
  44  6:37  Probe x2  
  46  6:49  Probe x2  
  48  7:01  Probe x2  
  42  7:16  Dark Templar x2  
  42  7:17  Dark Templar x2  
  36  7:42  Probe x2  
  33  7:54  Probe x2  
  35  7:59  Pylon  
  35  8:02  Pylon  
  35  8:04  Probe  
  35  8:06  Probe  
  35  8:07  Pylon  
  37  8:13  Probe  
  37  8:18  Probe, Zealot  
  41  8:21  Probe  
  41  8:22  Zealot  
  44  8:30  Probe  
  44  8:33  Probe  
  46  8:42  Probe  
  46  8:45  Probe  
  48  8:55  Probe  
  49  8:56  Shield Battery  
  49  8:57  Probe  
  50  9:07  Probe  
  50  9:09  Probe  
  48  9:19  Probe  
  48  9:22  Zealot x2  
  48  9:24  Zealot  
Tags
 
Composition
Zealot Archon
League
Gold
Matchup
PvZ
Replay Pack
Yocto
Spawn Locations
Cross Positions
Add a new tag
Caveats
  • Supply blocks, unpowered buildings, or Contaminate may cause inaccurate times.
  • Supply counts are checked every 10 seconds.